 Dungeon Crawl Stone Soup version 0.24-a0-203-gf0bc1e9 (webtiles) character file.

Game seed: 16167446597549483014

7590 Hylith the Basher (level 10, -8/135 HPs)
             Began as a Minotaur Fighter on Mar 27, 2019.
             Was an Elder of Okawaru.
             Mangled by an orc warrior
             ... wielding a +0 war axe
              (11 damage)
             ... on level 10 of the Dungeon.
             The game lasted 00:23:51 (7695 turns).

Hylith the Basher (Minotaur Fighter)                Turns: 7695, Time: 00:23:53

Health: -8/135     AC: 15    Str: 28    XL:     10   Next: 97%
Magic:  0/9        EV:  9    Int:  5    God:    Okawaru [****..]
Gold:   743        SH: 12    Dex: 11    Spells: 9/9 levels left

rFire    . . .     SeeInvis .   F - +2 flail (holy)
rCold    . . .     Gourm    .   c - +0 shield
rNeg     . . .     Faith    .   o - +0 plate armour
rPois    +         Spirit   +   (helmet restricted)
rElec    .         Reflect  .   h - scarf {Spirit}
rCorr    .         Harm     .   (no gloves)
MR       +....                  s - +0 pair of boots
Stlth    ..........             M - amulet of rage
HPRegen  0.32/turn              q - ring of poison resistance
MPRegen  0.11/turn              l - ring of protection from magic

@: berserking, very quick
A: retaliatory headbutt, horns 2
a: Heroism, Renounce Religion, Evoke Berserk Rage


You were on level 10 of the Dungeon.
You worshipped Okawaru.
Okawaru was greatly pleased with you.
You were not hungry.

You visited 2 branches of the dungeon, and saw 11 of its levels.
You also visited: Sewer.

You collected 743 gold pieces.

Inventory:

Hand Weapons
 a - a +0 flail
 F - a +2 flail of holy wrath (weapon)
 O - a +0 morningstar
Armour
 c - a +0 shield (worn)
 h - a scarf of spirit shield (worn)
 o - a +0 plate armour (worn)
 s - a +0 pair of boots (worn)
Jewellery
 l - a ring of protection from magic (right hand)
 q - a ring of poison resistance (left hand)
 C - an uncursed ring of protection from fire
 E - an uncursed amulet of magic regeneration
 M - an amulet of rage (around neck)
Wands
 k - a wand of random effects (39)
 p - a wand of flame (3)
 B - a wand of iceblast (5)
Scrolls
 b - a scroll of fog {unknown}
 e - 7 scrolls of identify {unknown}
 g - 7 scrolls of enchant weapon {unknown}
 j - 3 scrolls of magic mapping {unknown}
 m - a scroll of enchant armour {unknown}
 r - a scroll of blinking {unknown}
 v - a scroll of immolation {unknown}
 w - 3 scrolls of teleportation {unknown}
 y - 5 scrolls of remove curse {unknown}
 G - a scroll of random uselessness {unknown}
 I - a scroll of amnesia {unknown}
Potions
 d - a potion of might
 i - 4 potions of agility {unknown}
 n - 4 potions of curing
 u - a potion of invisibility {unknown}
 x - a potion of berserk rage {unknown}
 z - 3 potions of flight {unknown}
 A - a potion of lignification {unknown}
 D - a potion of degeneration {unknown}
 H - a potion of brilliance {unknown}
 J - a potion of haste {unknown}
 K - 2 potions of cancellation {unknown}
 N - a potion of ambrosia {unknown}
Comestibles
 f - 16 rations


   Skills:
 * Level 8.7 Fighting
 * Level 12.0 Maces & Flails
 * Level 9.3 Armour
 * Level 6.0 Dodging
 * Level 10.0 Shields
 + Level 0.2 Invocations


You had 9 spell levels left.
You didn't know any spells.
Your spell library contained the following spells:

 Spells                   Type           Power        Failure   Level  Hunger
 Beastly Appendage        Tmut           #.....       100%        1    ##.....
 Corona                   Hex            #......      100%        1    ##.....
 Slow                     Hex            #.......     100%        2    ###....
 Sticks to Snakes         Tmut           #.......     100%        2    ###....
 Inner Flame              Hex/Fire       #.......     100%        3    ####...
 Portal Projectile        Hex/Tloc       #.....       100%        3    ####...
 Spider Form              Tmut/Pois      #.........   100%        3    ####...
 Cause Fear               Hex            #.........   100%        4    #####..
 Ice Form                 Ice/Tmut       #.......     100%        4    #####..
 Leda's Liquefaction      Hex/Erth       #.........   100%        4    #####..
 Blade Hands              Tmut           #.........   100%        5    ######.


Dungeon Overview and Level Annotations

Branches:
Dungeon (10/15)            Temple (1/1) D:5            Lair (0/6) D:9
    Orc: D:9-12

Altars:
Ashenzari
Cheibriados
Dithmenos
Elyvilon
Fedhas
Gozag
Hepliaklqana
Kikubaaqudgha
Makhleb
Nemelex Xobeh
Okawaru
Qazlal
Ru
Sif Muna
Trog
Uskayaw
Vehumet
Wu Jian
Xom
Yredelemnul
Zin
The Shining One

Shops:
D:10 =

Annotations:
D:9 3 runed translucent doors, Erolcha


Innate Abilities, Weirdness & Mutations

You reflexively headbutt those who attack you in melee.
You have a pair of horns on your head.


Message History

You eat one of the 17 rations.
That ration really hit the spot!
You block the orc priest's attack. The death yak gores you!
* * * LOW HITPOINT WARNING * * *
A red film seems to cover your vision as you go berserk!
You feel yourself moving faster!
You feel mighty!
You feel a lot more hungry. The orc warrior closely misses you.
You furiously retaliate!
You headbutt the orc warrior, but do no damage.
The orc priest invokes the aid of Beogh against you.
Pain shoots through your body!
* * * LOW HITPOINT WARNING * * *
The death yak gores you.
* * * LOW HITPOINT WARNING * * *
The orc hits you but does no damage.
You bludgeon the death yak!! You headbutt the death yak!
The death yak is moderately wounded.
The orc priest looks braver for a moment.
The death yak gores you.
* * * LOW HITPOINT WARNING * * *
The orc warrior hits you with a +0 war axe!
You die...

.. ... .≈≈≈
######+####≈≈≈≈
.......(.....∩≈
....$......≈≈
......ooY.#
.....oo@..#
#...####### #


You could see a death yak, an orc warrior, an orc priest and 2 orcs.

Vanquished Creatures
  Harold (D:9)
  Pikel (D:7)
  A cyclops (D:9)
  Psyche (D:9)
  2 gargoyles
  A troll (D:9)
  A hippogriff (D:8)
  Sigmund (D:3)
  A yak (D:9)
  Eustachio (D:6)
  A hungry ghost (D:9)
  Menkaure (D:6)
  An orc warrior (D:8)
  A slave (D:7)
  2 ogres
  4 phantoms
  5 sky beasts
  2 centaurs
  2 big kobolds
  6 bullfrogs
  A water moccasin skeleton (D:6)
  8 killer bees
  7 howler monkeys
  3 crimson imps
  A quasit (D:8)
  5 hounds
  6 orc priests
  A centaur zombie (D:6)
  3 bullfrog skeletons
  A centaur skeleton (D:8)
  Jessica (D:2)
  Natasha (thrice) (D:2)
  4 iguanas
  8 orc wizards
  6 worker ants
  Ijyb (D:3)
  2 hound zombies
  A hound skeleton (D:5)
  3 gnolls (D:4)
  10 adders
  3 shadow imps
  12 oozes
  4 worms (D:2)
  A dart slug (D:1)
  17 leopard geckos
  38 orcs
  8 ball pythons
  20 giant cockroaches
  11 goblins
  13 hobgoblins
  5 jackals
  30 kobolds
  A quokka (D:4)
  11 bats
  16 frilled lizards
  A quokka skeleton (D:6)
  13 rats
315 creatures vanquished.

Vanquished Creatures (others)
  2 orc wizards (D:7)
2 creatures vanquished.

Grand Total: 317 creatures vanquished

Notes
Turn   | Place    | Note
-------+----------+-------------------------------------------
     0 | D:1      | Hylith the Minotaur Fighter began the quest for the Orb.
     0 | D:1      | Reached XP level 1. HP: 19/19 MP: 0/0
    95 | D:1      | Reached XP level 2. HP: 16/27 MP: 1/1
   311 | D:1      | Reached XP level 3. HP: 21/33 MP: 2/2
   399 | D:1      | Reached skill level 3 in Maces & Flails
   790 | D:2      | Found an ornate altar of the Wu Jian Council.
   924 | D:2      | Reached skill level 1 in Dodging
   949 | D:2      | Noticed Natasha
   951 | D:2      | Killed Natasha
   951 | D:2      | Reached XP level 4. HP: 40/40 MP: 3/3
  1008 | D:2      | Noticed Jessica
  1012 | D:2      | Killed Jessica
  1012 | D:2      | Reached skill level 4 in Maces & Flails
  1221 | D:2      | Noticed Natasha
  1230 | D:2      | Killed Natasha
  1230 | D:2      | Reached XP level 5. HP: 39/46 MP: 1/4
  1303 | D:2      | Noticed Natasha
  1313 | D:2      | Killed Natasha
  1397 | D:3      | Found a glowing drain.
  1404 | D:3      | You fall through a shaft for 3 floors!
  1449 | D:5      | Entered Level 5 of the Dungeon
  1455 | D:5      | Reached XP level 6. HP: 52/53 MP: 5/5
  1458 | D:5      | Reached skill level 5 in Maces & Flails
  1459 | D:5      | Reached skill level 5 in Armour
  1459 | D:5      | Reached skill level 5 in Shields
  1474 | D:4      | Found a bloodstained altar of Trog.
  1739 | Sewer    | Entered a sewer
  1921 | Sewer    | Reached XP level 7. HP: 59/60 MP: 4/6
  1988 | Sewer    | Reached skill level 6 in Maces & Flails
  2279 | D:3      | Reached skill level 5 in Fighting
  2405 | D:3      | Noticed Sigmund
  2414 | D:3      | Killed Sigmund
  2520 | D:3      | Noticed Ijyb
  2544 | D:3      | Killed Ijyb
  2544 | D:3      | Reached XP level 8. HP: 68/68 MP: 7/7
  2629 | D:3      | Found a glowing silver altar of Zin.
  2822 | D:4      | Found a glowing golden altar of the Shining One.
  2879 | D:4      | Reached skill level 7 in Maces & Flails
  3407 | D:5      | Found a staircase to the Ecumenical Temple.
  3423 | Temple   | Entered the Ecumenical Temple
  3557 | D:5      | Found a shattered altar of Ashenzari.
  3635 | D:5      | Found a glowing golden altar of the Shining One.
  3933 | D:5      | Found an ancient bone altar of Kikubaaqudgha.
  3995 | D:6      | Noticed Eustachio
  4006 | D:6      | Killed Eustachio
  4006 | D:6      | Reached skill level 8 in Maces & Flails
  4118 | D:6      | Noticed Menkaure
  4128 | D:6      | Killed Menkaure
  4349 | D:6      | Reached skill level 9 in Maces & Flails
  4349 | D:6      | Reached XP level 9. HP: 52/77 MP: 5/8
  4519 | D:6      | Found an iron altar of Okawaru.
  4530 | D:6      | Became a worshipper of Warmaster Okawaru
  4972 | D:7      | Found a deep blue altar of Sif Muna.
  4972 | D:7      | Noticed a gargoyle
  5000 | D:7      | Killed a gargoyle
  5094 | D:7      | Noticed Pikel
  5119 | D:7      | Killed Pikel
  5119 | D:7      | Reached * piety under Okawaru
  5119 | D:7      | Reached skill level 10 in Maces & Flails
  5186 | D:7      | Found a glowing golden altar of the Shining One.
  5643 | D:8      | Found a hazy altar of Hepliaklqana.
  5964 | D:8      | Found a snail-covered altar of Cheibriados.
  5988 | D:8      | Reached ** piety under Okawaru
  6003 | D:8      | Reached skill level 5 in Dodging
  6003 | D:8      | Reached XP level 10. HP: 56/86 MP: 7/9
  6605 | D:8      | Reached skill level 11 in Maces & Flails
  6704 | D:9      | Noticed Harold
  6704 | D:9      | Noticed a cyclops
  6729 | D:9      | Killed a cyclops
  7053 | D:9      | Noticed a gargoyle
  7110 | D:9      | Found a runed translucent gate.
  7111 | D:9      | Found a runed translucent gate.
  7112 | D:9      | Found a runed translucent gate.
  7166 | D:9      | Reached *** piety under Okawaru
  7314 | D:9      | Noticed a death yak
  7343 | D:9      | Killed a gargoyle
  7620 | D:9      | Noticed Psyche
  7628 | D:9      | Killed Harold
  7628 | D:9      | Reached **** piety under Okawaru
  7631 | D:9      | Noticed Erolcha
  7637 | D:9      | Noticed a death yak
  7646 | D:9      | Found a staircase to the Lair.
  7655 | D:9      | Noticed a death yak
  7665 | D:9      | Killed Psyche
  7665 | D:9      | Reached skill level 12 in Maces & Flails
  7665 | D:9      | Reached skill level 10 in Shields
  7690 | D:10     | Entered Level 10 of the Dungeon
  7690 | D:10     | Found Hacsymerch's Jewellery Boutique.
  7695 | D:10     | HP: 3/135 [death yak (5)]
  7695 | D:10     | Mangled by an orc warrior

Levels and vault maps discovered:
D:1:      dpeg_arrival_renting, layout_basic
D:2:      layout_basic, lemuel_doored_altar, uniq_natasha, uniq_jessica
D:3:      layout_loops_ring, overflow_temple_1_default, gup_sewer_entry_glass,
          uniq_ijyb, uniq_sigmund
D:4:      cheibrodos_greedy_goblins, layout_basic, marbit_many_paths,
          nicolae_tso_swordbearing_angel
D:5:      layout_basic, nicolae_overflow_crystal_walls,
          lemuel_coloured_pillars_altar, old_standard_altar,
          minmay_temple_entry_offerings, first_ration
D:6:      layout_loops_ring, kennysheep_okawaru_gauntlet, serial_bayou_pond_e,
          chequers_garden, uniq_eustachio, uniq_menkaure
D:7:      kennysheep_kobold_camp, layout_basic, grunt_ogre_cave,
          hangedman_feature_mirror, uniq_pikel
D:8:      layout_gridville, kennysheep_mini_moat, lemuel_crystal_altar
D:9:      layout_basic, dpeg_lair_monsters, serial_shops, shop,
          gammafunk_ghost_cemetery, uniq_harold, uniq_erolcha, uniq_psyche
D:10:     layout_gridville, serial_shops, nicolae_shop_waterfront, shop, shop,
          shop, shop, chequers_serial_rivers_small_3, chequers_arboretum
Temple:   dshaligram_water_room_temple
Sewer:    sewer_frog_island_02

Skill      XL: |  1  2  3  4  5  6  7  8  9 10 |
---------------+-------------------------------+-----
Armour         | 4 5 6 8 9 |  9.3
Shields        | 4 5 6 7 8 10 | 10.0
Maces & Flails | 3 4 5 6 9 10 12 | 12.0
Fighting       | 4 5 6 7 8 |  8.7
Dodging        | 1 2 3 5 6 |  6.0
Invocations    | |  0.2

Action                   |  1- 3 |  4- 6 |  7- 9 | 10-12 || total
-------------------------+-------+-------+-------+-------++-------
Melee: Flail             |   110 |   191 |   496 |   188 ||   985
       Headbutt          |    15 |    29 |    82 |    40 ||   166
Throw: Tomahawk          |       |       |     2 |       ||     2
Invok: Heroism           |       |       |       |     2 ||     2
 Abil: Evoke Berserk Rag |       |       |       |     2 ||     2
  Use: Potion            |       |       |       |     2 ||     2
  Eat: Chunk             |       |     4 |    14 |     4 ||    22
       Ration            |       |       |       |     2 ||     2
Armor: Scale mail        |    55 |     2 |       |       ||    57
       Plate armour      |       |   137 |   269 |    86 ||   492
Dodge: Dodged            |    33 |    57 |   105 |    54 ||   249
Block: Shield            |    63 |   107 |   275 |   108 ||   553

Table legend:
 A = Non-vault XP
 B = Vault XP
 C = Vault XP percentage of total XP
 D = Non-vault monster count
 E = Vault monster count
 F = Vault count percentage of total count
                 A         B        C        D         E       F
            +---------+---------+-------+---------+---------+-------
      Total |    6798 |    4045 |  37.3 |     217 |      97 |  30.9
            +---------+---------+-------+---------+---------+-------
        D:1 |      61 |       0 |   0.0 |      26 |       0 |   0.0
        D:2 |     126 |      73 |  36.7 |      26 |       2 |   7.1
        D:3 |     176 |     297 |  62.8 |      25 |       4 |  13.8
        D:4 |     386 |      54 |  12.3 |      23 |      10 |  30.3
        D:5 |     403 |       0 |   0.0 |      19 |       0 |   0.0
        D:6 |     994 |     368 |  27.0 |      24 |       2 |   7.7
        D:7 |     116 |    1267 |  91.6 |       4 |      25 |  86.2
        D:8 |    1994 |       0 |   0.0 |      47 |       0 |   0.0
        D:9 |    2542 |    1635 |  39.1 |      23 |       3 |  11.5
      Sewer |       0 |     351 | 100.0 |       0 |      51 | 100.0
            +---------+---------+-------+---------+---------+-------
